 Dungeon Crawl Stone Soup version 0.29-a0-1023-g6ae1a4a2c7 (webtiles) character file.

Game seed: 9595760669463827256

165 wingedge the Conjurer (level 5, -3/41 HPs)
             Began as a Human Wanderer on Aug 11, 2022.
             Slain by Duvessa
             ... wielding a +0 short sword
              (13 damage)
             ... on level 4 of the Dungeon.
             The game lasted 00:23:41 (3510 turns).

wingedge the Conjurer (Human Wanderer)              Turns: 3510, Time: 00:23:41

Health: -3/41      AC:  6    Str: 21    XL:     5   Next: 74%
Magic:  6/8        EV: 11    Int: 15    God:
Gold:   195        SH:  0    Dex: 10    Spells: 4/8 levels left

rFire   . . .      SeeInvis .   a - +3 mace
rCold   . . .      Faith    .   (no shield)
rNeg    . . .      Spirit   .   D - +3 robe of the Ladybird {Rampage rPois Str+10 Dex-3}
rPois   +          Reflect  .   (no helmet)
rElec   .          Harm     .   (no cloak)
rCorr   +          Rampage  +   (no gloves)
Will    .....                   y - +0 pair of boots
Stlth   +.........              (no amulet)
HPRegen 0.13/turn               E - ring of resist corrosion
MPRegen 0.11/turn               (no ring)

@: no status effects
A: no striking features
a: no special abilities


You were on level 4 of the Dungeon.
You visited 1 branch of the dungeon, and saw 4 of its levels.

You collected 195 gold pieces.

Inventory:

Hand Weapons
 a - a +3 mace (weapon)
 d - a +0 dagger of flaming
 g - a +1 short sword of protection
Missiles
 n - 6 boomerangs (quivered)
Armour
 c - a +0 robe
 m - a +0 ring mail
 r - a +0 leather armour
 y - a +0 pair of boots (worn)
 D - the +3 robe of the Ladybird (worn) {Rampage rPois Str+10 Dex-3}
   (You took it off a hobgoblin on level 3 of the Dungeon)

   Str:       It affects your strength (+10).
   Dex:       It affects your dexterity (-3).
   rPois:     It protects you from poison.
   Rampage:   It bestows one free step when moving towards enemies.
Jewellery
 E - a ring of resist corrosion (left hand)
Wands
 x - a wand of flame (13)
 A - a wand of paralysis (7)
Scrolls
 b - 4 scrolls of fear
 f - 6 scrolls of identify {unknown}
 i - a scroll of silence {unknown}
 j - 2 scrolls of torment {unknown}
 o - 2 scrolls of teleportation {unknown}
 s - a scroll of amnesia {unknown}
 v - a scroll of immolation {unknown}
 w - a scroll of vulnerability {unknown}
 B - a scroll of noise {unknown}
 C - a scroll of enchant armour {unknown}
Potions
 e - a potion of resistance {unknown}
 h - 2 potions of brilliance {unknown}
 k - 2 potions of mutation {unknown}
 l - 4 potions of degeneration {unknown}
 p - a potion of attraction {unknown}
 q - a potion of haste {unknown}
 t - 2 potions of curing {unknown}
 u - a potion of heal wounds {unknown}
 z - a potion of flight {unknown}


   Skills:
 - Level 3.0 Fighting
 + Level 2.9 Maces & Flails
 - Level 2.0 Armour
 - Level 2.0 Spellcasting
 - Level 4.0 Conjurations
 - Level 2.0 Air Magic


You had 4 spell levels left.
You knew the following spells:

 Your Spells              Type           Power      Damage    Failure   Level
a - Searing Ray           Conj           26%        2d5       6%          2
b - Static Discharge      Conj/Air       10%        3-5/arc   10%         2

Your spell library contained the following spells:

 Spells                   Type           Power      Damage    Failure   Level


Dungeon Overview and Level Annotations

Branches:
Dungeon (4/15)
 Temple: D:4-7

Altars:

Annotations:
D:4 Duvessa


Message History

Press: ? - help, Shift-Dir - straight line, f/p - Duvessa
Aim: Duvessa, wielding a +0 short sword and wearing a +0 scale mail (berserk, chance to affect: 31%) Duvessa suddenly stops moving!
The helpless Duvessa fails to defend herself.
You hit Duvessa.
Duvessa is lightly wounded.
The helpless Duvessa fails to defend herself.
You sock Duvessa!
Duvessa is moderately wounded.
The helpless Duvessa fails to defend herself.
You hit Duvessa.
Duvessa is moderately wounded.
The helpless Duvessa fails to defend herself.
You hit Duvessa.
Duvessa is moderately wounded.
The helpless Duvessa fails to defend herself.
You sock Duvessa!
Duvessa is heavily wounded.
The helpless Duvessa fails to defend herself.
You hit Duvessa but do no damage. You punch Duvessa, but do no damage.
Duvessa is heavily wounded.
The helpless Duvessa fails to defend herself.
You hit Duvessa but do no damage.
Duvessa is heavily wounded.
The helpless Duvessa fails to defend herself.
You hit Duvessa but do no damage.
Duvessa is heavily wounded.
The helpless Duvessa fails to defend herself.
You sock Duvessa!
Duvessa is severely wounded.
Duvessa is no longer paralysed.
Duvessa hits you with a +0 short sword! x2
Casting: Static Discharge (safe; 10% risk of failure)
Confirm with . or Enter, or press ? or * to list all spells.
Duvessa is struck by an arc of lightning.
Duvessa is almost dead.
You are struck by an arc of lightning.
The lightning grounds out.
Duvessa hits you with a +0 short sword.
* * * LOW HITPOINT WARNING * * *
Duvessa hits you with a +0 short sword!
You die...

## ##. ###### ##..
#....####.. #.###
#.........######....
#.....###..e@....... .
#.#.........######..## #
#......###### #.#
###......####### #.#
#....#.......###.#
#####....#######)....#
....###########....#.#####
.....#.....#....#........#
.............####........#


You could see Duvessa (berserk).

Vanquished Creatures
  Dowan (D:4)
  5 adders
  2 worms
  A dart slug (D:3)
  7 endoplasms
  4 giant cockroaches
  6 goblins
  8 hobgoblins
  4 jackals (D:1)
  9 kobolds
  A quokka (D:1)
  5 ball pythons
  5 bats
  4 rats
62 creatures vanquished.

Notes
Turn   | Place    | Note
-------+----------+-------------------------------------------
     0 | D:1      | wingedge the Human Wanderer began the quest for the Orb.
     0 | D:1      | wingedge set off with the following items: a +3 mace, a
                  | scroll of fear, a +0 robe; and the following spells
                  | available to memorise: Searing Ray, Static Discharge.
     0 | D:1      | Reached XP level 1. HP: 18/18 MP: 2/2
   328 | D:1      | Reached XP level 2. HP: 24/24 MP: 3/3
   413 | D:1      | Reached skill level 3 in Conjurations
   416 | D:1      | Learned a level 2 spell: Searing Ray
   801 | D:1      | Found a faded altar of an unknown god.
   835 | D:1      | Reached XP level 3. HP: 23/29 MP: 4/4
  1124 | D:2      | Learned a level 2 spell: Static Discharge
  1369 | D:2      | Reached skill level 4 in Conjurations
  1369 | D:2      | Reached XP level 4. HP: 30/35 MP: 0/5
  2255 | D:3      | Reached skill level 1 in Air Magic
  2539 | D:3      | Reached XP level 5. HP: 38/41 MP: 2/8
  2894 | D:3      | Identified the +3 robe of the Ladybird {Rampage rPois
                  | Str+10 Dex-3}
  3428 | D:4      | Noticed Dowan
  3437 | D:4      | Killed Dowan
  3498 | D:4      | Noticed Duvessa
  3510 | D:4      | Slain by Duvessa

Illustrated notes

Levels and vault maps discovered:
D:1:      dpeg_arrival_radiant, layout_basic,
          chequers_ecumenical_altar_simple_redux
D:2:      layout_basic, minmay_ruptured
D:3:      layout_basic, dk_noncrumbling_3, minmay_curled_crystal
D:4:      layout_rooms, uniq_duvessa

Skill      XL: |  1  2  3  4  5 |
---------------+----------------+-----
Conjurations   | 3 4 |  4.0
Spellcasting   | 2 |  2.0
Air Magic      | 1 2 |  2.0
Fighting       | |  3.0
Maces & Flails | |  2.9
Armour         | |  2.0

Action                   |  1- 3 |  4- 6 || total
-------------------------+-------+-------++-------
Melee: Mace              |    57 |    27 ||    84
       Punch             |     1 |     1 ||     2
Throw: Boomerang         |     4 |     2 ||     6
 Cast: Searing Ray       |     2 |    22 ||    24
       Static Discharge  |       |     2 ||     2
Evoke: Wand              |       |     2 ||     2
 Stab: Sleeping          |     1 |       ||     1
       Paralysed         |       |     9 ||     9
Armor: Robe              |     9 |     7 ||    16
Dodge: Dodged            |    24 |    17 ||    41

Table legend: (Time is in decaauts)
 A = Elapsed time spent in this place.
 B = Non-inter-level travel time spent in this place.
 C = Inter-level travel time spent in this place.
 D = Time resting spent in this place.
 E = Time spent auto-exploring this place.
 F = Levels seen in this place.
 G = Mean time per level.
                   A        B        C        D        E       F      G
               +--------+--------+--------+--------+--------+-----+--------+
         Total |   3537 |   3253 |    284 |   1127 |     77 |   4 |  884.2 |
       Dungeon |   3537 |   3253 |    284 |   1127 |     77 |   4 |  884.2 |
               +--------+--------+--------+--------+--------+-----+--------+

Top non-repeatable levels by time:
     D:3: 1137 daAuts
     D:2: 1107 daAuts
     D:1: 1098 daAuts
     D:4: 193 daAuts
